 Dungeon Crawl Stone Soup version 0.30-a0-341-g682706514a (webtiles) character file.

Game seed: 6248721327191924894

140 themarg the Nimble (level 5, 0/43 HPs)
             Began as a Gnoll Wanderer on Nov 5, 2022.
             Killed by divine providence
             ... invoked by an orc priest
              (11 damage)
             ... on level 3 of the Dungeon.
             The game lasted 00:06:55 (2213 turns).

themarg the Nimble (Gnoll Wanderer)                 Turns: 2213, Time: 00:06:55

Health: 0/43       AC:  8    Str: 10    XL:     5   Next: 22%
Magic:  7/7        EV: 18    Int:  8    God:
Gold:   137        SH:  0    Dex: 18    Spells: 6/6 levels left

rFire   . . .      SeeInvis .    a - +0 falchion
rCold   . . .      Faith    .    (no shield)
rNeg    . . .      Spirit   .    b - +2 leather armour
rPois   .          Reflect  .    r - +2 hat
rElec   .          Harm     .    (no cloak)
rCorr   .          Rampage  .    (no gloves)
Will    .....                    m - +0 pair of boots
Stlth   ++........               (no amulet)
HPRegen 0.27/turn                (no ring)
MPRegen 0.10/turn                (no ring)

@: no status effects
A: fangs 1, strong nose, distributed training
a: no special abilities


You were on level 3 of the Dungeon.
You visited 1 branch of the dungeon, and saw 6 of its levels.

You collected 137 gold pieces.

Inventory:

Hand Weapons
 a - a +0 falchion (weapon)
 d - a +0 dagger
Missiles
 c - 21 poisoned darts (quivered)
 g - 12 stones
 k - 4 boomerangs
Armour
 b - a +2 leather armour (worn)
 m - a +0 pair of boots (worn)
 r - a +2 hat (worn)
Jewellery
 v - a +6 ring of strength
Scrolls
 e - a scroll of fog
 h - a scroll of immolation {unknown}
 j - a scroll of amnesia
 l - a scroll of enchant weapon
 n - a scroll of poison {unknown}
 o - a scroll of teleportation {unknown}
 p - 2 scrolls of fear
 q - a scroll of summoning {unknown}
Potions
 f - a potion of ambrosia {unknown}
 i - 3 potions of curing
 s - a potion of mutation {unknown}
 t - 2 potions of heal wounds {unknown}
 u - 2 potions of haste {unknown}


   Skills:
 + Level 4.8 Fighting
 + Level 1.4 Short Blades
 + Level 3.0 Long Blades
 + Level 1.4 Axes
 + Level 1.4 Maces & Flails
 + Level 1.4 Polearms
 + Level 1.4 Staves
 + Level 1.4 Ranged Weapons
 + Level 3.0 Throwing
 + Level 1.4 Armour
 + Level 10.5 Dodging
 + Level 2.7 Stealth
 + Level 1.4 Shields
 + Level 1.4 Unarmed Combat
 + Level 1.4 Spellcasting
 + Level 1.1 Conjurations
 + Level 1.1 Hexes
 + Level 1.1 Summonings
 + Level 1.1 Necromancy
 + Level 1.1 Translocations
 + Level 1.1 Transmutations
 + Level 1.1 Fire Magic
 + Level 1.1 Ice Magic
 + Level 1.1 Air Magic
 + Level 1.1 Earth Magic
 + Level 1.1 Poison Magic
 + Level 1.6 Invocations
 + Level 1.4 Evocations


You had 6 spell levels left.
You didn't know any spells.
Your spell library contained the following spells:

 Spells                   Type           Power      Damage    Failure   Level
 Necrotise                Necr           8%         1d4       30%         1


Dungeon Overview and Level Annotations

Branches:
Dungeon (6/15)
 Temple: D:4-7

Altars:

Annotations:
D:2 1 runed translucent door, Crazy Yiuf, Terence


Innate Abilities, Weirdness & Mutations

You have very sharp teeth.
Your uncanny sense of smell can sniff out nearby items.
Your experience applies equally to all skills.


Message History

You hit the orc.
You kill the orc!
Your Long Blades skill increases to level 3!
Your Throwing skill increases to level 3!
You barely miss the orc. The orc misses you. The orc completely misses you.
You slash the orc!
You kill the orc!
The ball python bites you but does no damage.
The ball python misses you.
You closely miss the ball python. You bite the ball python.
The ball python is moderately wounded.
The ball python completely misses you. The ball python grabs you.
The ball python constricts you.
You closely miss the ball python.
The ball python is moderately wounded.
The ball python barely misses you. The ball python constricts you.
You hit the ball python.
You kill the ball python!
You closely miss the orc priest. The orc priest barely misses you.
You hit the orc priest.
The orc priest is moderately wounded.
The orc priest hits you with a +0 dagger.
The orc priest calls down the wrath of Beogh upon you.
Pain shoots through your body!
You hit the orc priest.
The orc priest is moderately wounded.
The orc priest calls down the wrath of Beogh upon you.
Pain shoots through your body!
* * * LOW HITPOINT WARNING * * *
You hit the orc priest.
The orc priest is severely wounded.
The orc priest completely misses you.
You hit the orc priest but do no damage.
The orc priest is severely wounded.
The orc priest completely misses you.
You hit the orc priest.
The orc priest is almost dead.
The orc priest mumbles some strange prayers to Beogh against you.
Beogh smites you!
You die...

.## ## ### ..# ∆ #.#
∆ ####### #.#
#.....# #.####.
#.###.# .......
#.###.######...
#.#####
#.....o@.....# ..#
#.###.######## ###
#.......# ##
###.....#.# .#
#....####o# .#
#......##.# .#
##....#.##..
.######.......##...
.....##.#.#.......o.


You could see an orc priest.

Vanquished Creatures
  A black bear (D:5)
  2 worms (D:2)
  2 dart slugs
  2 orcs (D:3)
  An endoplasm (D:3)
  A giant cockroach (D:1)
  3 goblins
  2 hobgoblins
  3 quokkas (D:1)
  3 ball pythons
  7 bats
  2 frilled lizards (D:1)
  2 kobolds
  4 rats
35 creatures vanquished.

Vanquished Creatures (others)
  3 fungi (D:1)
3 creatures vanquished.

Grand Total: 38 creatures vanquished

Notes
Turn   | Place    | Note
-------+----------+-------------------------------------------
     0 | D:1      | Reached skill level 10 in Dodging
     0 | D:1      | themarg the Gnoll Wanderer began the quest for the Orb.
     0 | D:1      | themarg set off with the following items: a +0 falchion, a
                  | +2 leather armour, 13 poisoned darts, a +0 dagger, a scroll
                  | of fog.
     0 | D:1      | Reached XP level 1. HP: 20/20 MP: 1/1
   261 | D:1      | Reached XP level 2. HP: 26/26 MP: 2/2
  1054 | D:2      | Found a faded altar of an unknown god.
  1062 | D:2      | Got Plato's Catalogue of Evil Liturgies
  1243 | D:2      | Reached XP level 3. HP: 31/31 MP: 3/3
  1258 | D:2      | Noticed Terence
  1273 | D:2      | Found a runed translucent door.
  1274 | D:2      | Noticed Crazy Yiuf
  1747 | D:3      | Reached skill level 1 in Invocations
  1812 | D:3      | You fall into a shaft and drop 3 floors!
  1840 | D:5      | Entered Level 5 of the Dungeon
  1842 | D:5      | Noticed a black bear
  1854 | D:5      | Killed a black bear
  1855 | D:5      | Reached skill level 1 in Short Blades
  1855 | D:5      | Reached skill level 1 in Axes
  1855 | D:5      | Reached skill level 1 in Maces & Flails
  1855 | D:5      | Reached skill level 1 in Polearms
  1855 | D:5      | Reached skill level 1 in Staves
  1855 | D:5      | Reached skill level 1 in Ranged Weapons
  1855 | D:5      | Reached skill level 1 in Armour
  1855 | D:5      | Reached skill level 1 in Shields
  1855 | D:5      | Reached skill level 1 in Unarmed Combat
  1855 | D:5      | Reached skill level 1 in Spellcasting
  1855 | D:5      | Reached skill level 1 in Conjurations
  1855 | D:5      | Reached skill level 1 in Hexes
  1855 | D:5      | Reached skill level 1 in Summonings
  1855 | D:5      | Reached skill level 1 in Necromancy
  1855 | D:5      | Reached skill level 1 in Translocations
  1855 | D:5      | Reached skill level 1 in Transmutations
  1855 | D:5      | Reached skill level 1 in Fire Magic
  1855 | D:5      | Reached skill level 1 in Ice Magic
  1855 | D:5      | Reached skill level 1 in Air Magic
  1855 | D:5      | Reached skill level 1 in Earth Magic
  1855 | D:5      | Reached skill level 1 in Poison Magic
  1855 | D:5      | Reached skill level 1 in Evocations
  1855 | D:5      | Reached XP level 4. HP: 37/38 MP: 4/6
  1855 | D:5      | Reached XP level 5. HP: 42/43 MP: 4/7
  2213 | D:3      | Killed from afar by an orc priest

Illustrated notes

Levels and vault maps discovered:
D:1:      dpeg_arrival_prison, layout_basic, serial_glass, glass_columns_a,
          glass_columns_a
D:2:      layout_loops_cross, shapermc_ecumenical_altar_rom_forum, uniq_terence,
          uniq_crazy_yiuf_cottage, uniq_robin
D:3:      minmay_diamond_boxcup, layout_loops_cross, serial_bayou_crossing
D:4:      layout_basic, minitemple, serial_shops, shop
D:5:      layout_loops_corners, minmay_temple_entry_glass,
          grunt_decor_one_mirror, kennysheep_generic_room_7, uniq_ijyb,
          uniq_sigmund, uniq_blork_the_orc
D:6:      layout_basic, zin_academy, serial_shops, nicolae_shop_behind_doors,
          interstate_on_off, minmay_misc_feat_encased, minmay_misc_feat_chi,
          chequers_serial_rivers_marsh, uniq_prince_ribbit1, uniq_menkaure

Skill      XL: |  1  2  3  4  5 |
---------------+----------------+-----
Dodging        | | 10.5
Invocations    | 1 |  1.6
Short Blades   | 1 |  1.4
Axes           | 1 |  1.4
Maces & Flails | 1 |  1.4
Polearms       | 1 |  1.4
Staves         | 1 |  1.4
Ranged Weapons | 1 |  1.4
Armour         | 1 |  1.4
Shields        | 1 |  1.4
Unarmed Combat | 1 |  1.4
Spellcasting   | 1 |  1.4
Conjurations   | 1 |  1.1
Hexes          | 1 |  1.1
Summonings     | 1 |  1.1
Necromancy     | 1 |  1.1
Translocations | 1 |  1.1
Transmutations | 1 |  1.1
Fire Magic     | 1 |  1.1
Ice Magic      | 1 |  1.1
Air Magic      | 1 |  1.1
Earth Magic    | 1 |  1.1
Poison Magic   | 1 |  1.1
Evocations     | 1 |  1.4
Long Blades    | 3 |  3.0
Throwing       | 3 |  3.0
Fighting       | |  4.8
Stealth        | |  2.7

Action                   |  1- 3 |  4- 6 || total
-------------------------+-------+-------++-------
Melee: Falchion          |   106 |    33 ||   139
       Bite              |    12 |     3 ||    15
       Punch             |     1 |       ||     1
  Use: Scroll            |     3 |     1 ||     4
 Stab: Sleeping          |     2 |       ||     2
Armor: Leather armour    |    35 |     6 ||    41
Dodge: Dodged            |    87 |    29 ||   116

Table legend: (Time is in decaauts)
 A = Elapsed time spent in this place.
 B = Non-inter-level travel time spent in this place.
 C = Inter-level travel time spent in this place.
 D = Time resting spent in this place.
 E = Time spent auto-exploring this place.
 F = Levels seen in this place.
 G = Mean time per level.
                   A        B        C        D        E       F      G
               +--------+--------+--------+--------+--------+-----+--------+
         Total |   2240 |   2084 |    156 |    122 |   1480 |   6 |  373.3 |
       Dungeon |   2240 |   2084 |    156 |    122 |   1480 |   6 |  373.3 |
               +--------+--------+--------+--------+--------+-----+--------+

Top non-repeatable levels by time:
     D:1: 1025 daAuts
     D:2: 723 daAuts
     D:3: 389 daAuts
     D:5: 67 daAuts
     D:6: 27 daAuts
     D:4: 7 daAuts
